 Dungeon Crawl Stone Soup version 0.31-a0-716-gc760375 (webtiles) character file.

Game seed: 333126404110719948

9522 BarneyGumball the Impaler (level 11, -1/75 HPs)
             Began as a Merfolk Gladiator on Sept 10, 2023.
             Was an Elder of Dithmenos.
             Slain by a five-headed hydra (6 damage)
             ... on level 1 of the Lair of Beasts.
             The game lasted 00:36:10 (9045 turns).

BarneyGumball the Impaler (Merfolk Gladiator)       Turns: 9045, Time: 00:36:10

Health: -1/75      AC: 11    Str: 12    XL:     11   Next: 47%
Magic:  11/11      EV: 12    Int:  7    God:    Dithmenos [****..]
Gold:   555        SH:  0    Dex: 20    Spells: 10/10 levels left

rFire   + . .        b - +10 short sword "Camak" {flame, rElec rF+ rN+}
rCold   . . .        (no shield)
rNeg    + . .        p - +1 ring mail of Ododumaqoi {Drain Fly Regen+ Str-3}
rPois   .            c - +1 helmet
rElec   +            w - +0 cloak
rCorr   .            (no gloves)
SInv    .            r - +0 pair of boots
Will    .....        D - amulet of regeneration
Stlth   +++++        j - +4 ring of slaying
HPRegen 1.92/turn    (no ring)
MPRegen 0.12/turn

%: no passive effects
@: mighty, flying, wreathed by umbra, studying Stealth
A: (nimble swimmer 2), mertail
a: Renounce Religion, Shadow Step


You were on level 1 of the Lair of Beasts.
You worshipped Dithmenos.
Dithmenos was greatly pleased with you.
You visited 2 branches of the dungeon, and saw 10 of its levels.
You visited the Abyss 1 time.
You also visited: Bailey.

You collected 555 gold pieces.

Inventory:

Hand Weapons
 a - the +6 halberd of Valiance {speed, rElec SInv}
   (You found it on level 7 of the Dungeon)

   rElec:     It insulates you from electricity.
   SInv:      It lets you see invisible.
 b - the +10 short sword "Camak" (weapon) {flame, rElec rF+ rN+}
   (You found it on level 7 of the Dungeon)

   rF+:       It protects you from fire.
   rElec:     It insulates you from electricity.
   rN+:       It protects you from negative energy.
 E - a +0 long sword
Missiles
 q - 3 silver javelins (quivered)
 v - 4 curare-tipped darts
 N - 4 poisoned darts
Armour
 c - a +1 helmet (worn)
 p - the +1 ring mail of Ododumaqoi (worn) {Drain Fly Regen+ Str-3}
   (You found it on level 7 of the Dungeon)

   Str-3:     It affects your strength (-3).
   Fly:       It grants you flight.
   Regen+:    It increases your rate of health regeneration.
   Drain:     It drains your maximum health when unequipped.
 r - a +0 pair of boots (worn)
 w - a +0 cloak (worn)
Jewellery
 j - a +4 ring of slaying (left hand)
 D - an amulet of regeneration (around neck)
Wands
 d - a wand of polymorph (8)
 C - a wand of light (6)
 J - a wand of iceblast (3)
 K - a wand of digging (6)
 M - a wand of flame (1)
Scrolls
 f - a scroll of revelation
 i - 3 scrolls of immolation
 k - a scroll of teleportation {unknown}
 m - a scroll of enchant weapon {unknown}
 n - 2 scrolls of fog
 s - a scroll of fear {unknown}
 u - 2 scrolls of enchant armour
 x - a scroll of silence {unknown}
 y - a scroll of amnesia {unknown}
Potions
 e - a potion of attraction {unknown}
 g - 4 potions of degeneration {unknown}
 h - 6 potions of brilliance
 l - 2 potions of enlightenment {unknown}
 o - 5 potions of mutation {unknown}
 t - a potion of might
 z - 3 potions of curing {unknown}
 A - 4 potions of haste {unknown}
 B - 2 potions of lignification
 F - 3 potions of heal wounds {unknown}
 G - 2 potions of cancellation {unknown}
 H - 2 potions of magic {unknown}
 I - 2 potions of resistance {unknown}
 L - 2 potions of berserk rage {unknown}
 P - a potion of invisibility {unknown}
Miscellaneous
 O - a condenser vane


   Skills:
 - Level 3.0 Fighting
 - Level 11.4 Long Blades
 + Level 15.2 Polearms
 - Level 2.0 Throwing
 - Level 4.0 Armour
 - Level 4.0 Dodging
 - Level 8.0 Stealth
 + Level 4.8 Evocations


You had 10 spell levels left.
You didn't know any spells.
Your spell library contained the following spells:

 Spells                   Type           Power      Damage    Failure   Level
 Ensorcelled Hibernation  Hex/Ice        0%         N/A       83%         2
 Passwall                 Tmut/Erth      0%         N/A       83%         2
 Wereblood                Tmut           0%         N/A       83%         2
 Ignite Poison            Fire/Tmut/Pois 0%         N/A       96%         3
 Swiftness                Air            0%         N/A       96%         3
 Sticky Flame             Conj/Fire      0%         2d3       100%        4
 Irradiate                Conj/Tmut      0%         3d11      100%        5
 Ignition                 Fire           0%         3d3       100%        8


Dungeon Overview and Level Annotations

Branches:
Dungeon (9/15)             Temple (0/1) D:7            Lair (1/5) D:8
 Bailey (visited)
    Orc: D:9-12

Altars:
Dithmenos
Gozag
Hepliaklqana
Kikubaaqudgha
Sif Muna
Trog
Xom
Zin
The Shining One

Shops:
D:3 [[

Annotations:
D:4 exclusion: phantom
D:7 1 exclusion
D:9 Erolcha
Lair:1 Gastronok


Innate Abilities, Weirdness & Mutations

((You are very nimble when in or above water. (Stealth+, EV+, Speed+++)))
Your lower body shifts to a powerful aquatic tail in water.


Message History

The five-headed hydra bites you.
The five-headed hydra bites you but does no damage.
As you read the scroll labelled LUXZIPSAWUA, it dissolves into smoke.
It was a scroll of fog.
The five-headed hydra closely misses you.
The five-headed hydra bites you.
The five-headed hydra bites you but does no damage.
The five-headed hydra bites you!
The five-headed hydra bites you but does no damage.
You feel very mighty all of a sudden. The five-headed hydra bites you!
* * * LOW HITPOINT WARNING * * *
The five-headed hydra closely misses you.
The five-headed hydra bites you.
* * * LOW HITPOINT WARNING * * *
The five-headed hydra bites you but does no damage. x2
You puncture the five-headed hydra! You burn the five-headed hydra!
The five-headed hydra is heavily wounded.
You hear an angry hiss.
You barely miss the five-headed hydra.
The five-headed hydra is heavily wounded.
The five-headed hydra barely misses you.
The five-headed hydra closely misses you. x2
The five-headed hydra bites you but does no damage. x2
You puncture the five-headed hydra! You burn the five-headed hydra.
The five-headed hydra is severely wounded.
You puncture the five-headed hydra! You burn the five-headed hydra.
The five-headed hydra is almost dead.
The five-headed hydra closely misses you.
The five-headed hydra bites you.
* * * LOW HITPOINT WARNING * * *
The five-headed hydra bites you.
* * * LOW HITPOINT WARNING * * *
The five-headed hydra bites you but does no damage.
The five-headed hydra bites you!
* * * LOW HITPOINT WARNING * * *
You puncture the five-headed hydra! You burn the five-headed hydra.
The five-headed hydra is almost dead.
The five-headed hydra bites you.
You die...

.# #.. ....
...###.##...#### .# .#..
.l...# ... #.......... .
# #... .... ..#
####.#....# .... ... ..#
#####>#. ..... .$#.P
#..# ..... ...# ### ##..
.$... #§§ #.### ###
.....§#§#########..####.
.....§D@§§............##
#...#§#§#P#.##.#........
# ..#§§###########...##
#.. #^## ##.##. #. #.
####. # .. ##. ##. #..
#. ###. ##...


You could see a five-headed hydra.

Vanquished Creatures
  A two-headed ogre (D:9)
  Sonja (Lair:1)
  2 deep elf pyromancers (D:7)
  An orc knight (Bailey)
  An unseen horror (D:8)
  A komodo dragon (Lair:1)
  A hornet (D:9)
  A wraith (D:6)
  A wyvern (D:9)
  A basilisk (Lair:1)
  11 yaks
  An acid dragon (D:7)
  7 water moccasins
  2 ice beasts
  2 sky beasts (D:7)
  3 orc warriors
  A centaur (D:7)
  9 wolves (Lair:1)
  3 ogres
  2 phantoms
  3 bullfrogs (D:7)
  A scorpion (D:4)
  6 killer bees (D:8)
  4 howler monkeys
  A crimson imp (D:9)
  2 jellies
  4 hounds
  9 orc priests
  4 iguanas
  9 orc wizards
  A sleepcap (D:8)
  13 gnolls
  5 adders
  A shadow imp (D:5)
  A white imp (D:7)
  An ufetubus (D:7)
  2 worms (D:2)
  The ghost of MinotaursOnly the Sneak, a weakling MiDe (D:5)
  A dart slug (D:4)
  46 orcs
  A bat zombie (D:4)
  6 endoplasms
  6 goblins
  5 hobgoblins
  2 quokkas
  10 ball pythons
  6 bats
  9 frilled lizards
  5 kobolds
  2 rats
  A rat zombie (D:4)
220 creatures vanquished.

Notes
Turn   | Place    | Note
-------+----------+-------------------------------------------
     0 | D:1      | BarneyGumball the Merfolk Gladiator began the quest for the
                  | Orb.
     0 | D:1      | Reached XP level 1. HP: 16/16 MP: 1/1
     1 | D:1      | Noticed an electric eel
   288 | D:1      | Reached XP level 2. HP: 22/22 MP: 2/2
   673 | D:2      | Found the +5 robe of Misfortune {Harm *Corrode *Slow EV+5}
   805 | D:2      | Reached skill level 5 in Long Blades
   805 | D:2      | Reached XP level 3. HP: 27/27 MP: 3/3
  1344 | D:3      | Found Aboe's Antique Armour Boutique.
  1379 | D:3      | Found Vudiregg's Antique Armour Shop.
  1592 | D:3      | Reached XP level 4. HP: 21/33 MP: 4/4
  2316 | D:4      | Found a shadowy altar of Dithmenos.
  2327 | D:4      | Reached XP level 5. HP: 32/38 MP: 5/5
  2330 | D:4      | Became a worshipper of Dithmenos the Shadowed
  2422 | D:4      | Reached skill level 1 in Stealth
  2602 | D:4      | Found an ancient bone altar of Kikubaaqudgha.
  2658 | D:4      | Noticed a phantom
  2688 | D:4      | Found a hazy altar of Hepliaklqana.
  3138 | D:5      | Entered Level 5 of the Dungeon
  3182 | D:5      | Reached XP level 6. HP: 44/44 MP: 6/6
  3384 | D:5      | Found a runed translucent gate.
  3384 | D:5      | Noticed MinotaursOnly's ghost (weakling MiDe)
  3386 | D:5      | Found a runed translucent gate.
  3387 | D:5      | Found a runed translucent gate.
  3401 | D:5      | Killed MinotaursOnly's ghost
  3767 | D:5      | Noticed a water moccasin
  3905 | D:5      | Reached XP level 7. HP: 48/50 MP: 7/7
  3907 | D:5      | Reached * piety under Dithmenos
  4164 | D:5      | Found a glowing golden altar of the Shining One.
  4535 | D:6      | Reached skill level 5 in Stealth
  4759 | D:6      | Noticed a wraith
  4781 | D:6      | Killed a wraith
  4782 | D:6      | Reached XP level 8. HP: 52/58 MP: 8/8
  5276 | D:6      | Reached skill level 10 in Long Blades
  5616 | D:6      | Reached ** piety under Dithmenos
  5845 | D:6      | Found a shimmering altar of Xom.
  5968 | D:7      | Identified the +1 ring mail of Ododumaqoi {Drain Fly Regen+
                  | Str-3}
  6036 | D:7      | Found a flagged portal.
  6074 | D:7      | Identified the +6 halberd of Valiance {speed, rElec SInv}
  6081 | Bailey   | Entered a bailey
  6165 | Bailey   | Reached skill level 1 in Polearms
  6219 | Bailey   | Noticed an orc knight
  6257 | Bailey   | Reached skill level 2 in Polearms
  6261 | Bailey   | Killed an orc knight
  6262 | Bailey   | Reached skill level 6 in Polearms
  6262 | Bailey   | Reached XP level 9. HP: 63/63 MP: 9/9
  6356 | D:7      | Found an opulent altar of Gozag.
  6356 | D:7      | Found a glowing silver altar of Zin.
  6400 | D:7      | Found a staircase to the Ecumenical Temple.
  6450 | D:7      | Identified the +10 short sword "Camak" {flame, rElec rF+
                  | rN+}
  6497 | D:7      | Reached skill level 7 in Polearms
  6558 | D:7      | Reached skill level 8 in Polearms
  6620 | D:7      | Noticed a deep elf pyromancer
  6621 | D:7      | Reached *** piety under Dithmenos
  6625 | D:7      | Killed a deep elf pyromancer
  6626 | D:7      | Reached skill level 10 in Polearms
  6634 | D:7      | Noticed a deep elf pyromancer
  6652 | D:7      | Killed a deep elf pyromancer
  6653 | D:7      | Reached skill level 12 in Polearms
  6653 | D:7      | Reached XP level 10. HP: 45/70 MP: 10/10
  6711 | D:7      | Noticed a kobold demonologist
  6712 | D:7      | Noticed a boulder beetle
  6713 | D:7      | Noticed a cyclops
  6829 | D:7      | Found a shimmering blue altar of Sif Muna.
  7365 | D:8      | Found a staircase to the Lair.
  7385 | D:8      | Reached skill level 13 in Polearms
  7385 | D:8      | Reached skill level 1 in Armour
  7951 | D:8      | Noticed an unseen horror
  7954 | D:8      | Killed an unseen horror
  8151 | D:9      | Found a bloodstained altar of Trog.
  8237 | D:9      | Noticed Erolcha
  8331 | D:9      | Reached skill level 14 in Polearms
  8342 | D:9      | Noticed a two-headed ogre
  8355 | D:9      | Killed a two-headed ogre
  8356 | D:9      | Reached skill level 1 in Evocations
  8356 | D:9      | Reached XP level 11. HP: 75/75 MP: 11/11
  8356 | D:9      | Noticed a white ugly thing
  8377 | Lair:1   | Entered Level 1 of the Lair of Beasts
  8380 | Lair:1   | Reached **** piety under Dithmenos
  8444 | Lair:1   | Identified the +6 war axe of Distant Worlds {holy, *Slow
                  | +Blink Int+4 Stlth+}
  8470 | Lair:1   | Noticed Sonja
  8473 | Lair:1   | Noticed Gastronok
  8479 | Abyss:2  | Cast into level 2 of the Abyss (Sonja)
  8535 | Abyss:3  | Noticed a starcursed mass
  8536 | Abyss:3  | Noticed a kraken
  8549 | Lair:1   | Escaped the Abyss
  8564 | Lair:1   | Killed Sonja
  8813 | Lair:1   | Reached skill level 15 in Polearms
  9030 | Lair:1   | Noticed a five-headed hydra
  9044 | Lair:1   | HP: 3/75 [five-headed hydra (8)]
  9045 | Lair:1   | Slain by a five-headed hydra

Illustrated notes

Levels and vault maps discovered:
D:1:      arrival_aquarium_a, layout_loops_ring, nicolae_figureground_pulse
D:2:      layout_basic, minmay_heptomino_d4
D:3:      layout_basic, serial_shops, nicolae_shop_hallway_stairs,
          nicolae_shop_waterfront
D:4:      layout_basic, nicolae_dithmenos_shadow_blocks,
          nicolae_overflow_hidden_temple, lemuel_zombie_altar_kikubaaqudgha,
          hex_large
D:5:      layout_loops_corners, lemuel_tele_altar, ebering_ghost_rock_garden
D:6:      layout_gridville, tgw_xom, kennysheep_generic_room_7
D:7:      nzn_winding_woodlands_stair_cross [nzn_winding_woodlands_5x15_zeroes,
          nzn_winding_woodlands_center_triple_pond,
          nzn_winding_woodlands_5x15_river_crossing,
          nzn_winding_woodlands_5x5_default, nzn_winding_woodlands_5x5_default,
          nzn_winding_woodlands_5x15_sidewinder,
          nzn_winding_woodlands_center_lodge,
          nzn_winding_woodlands_5x15_garden], layout_basic,
          grunt_temple_overflow_gold_and_silver,
          mainiacjoe_overflow_small_starburst, minmay_temple_entry_offerings,
          enter_bailey_2
D:8:      layout_cave_pods, lair_entry_dummy
D:9:      lemuel_bear_cage, layout_cave_pools,
          grunt_temple_overflow_lords_of_destruction, bloody_trog, uniq_erolcha
Lair:1:   layout_misc_corridors, lemuel_fruit_fields, uniq_sonja, uniq_gastronok

Skill      XL: |  1  2  3  4  5  6  7  8  9 10 11 |
---------------+----------------------------------+-----
Long Blades    | 4 5 6 7 8 9 11 | 11.4
Stealth        | 2 4 6 8 |  8.0
Fighting       | 3 |  3.0
Polearms       | 6 12 14 15 | 15.2
Armour         | 3 4 |  4.0
Evocations     | 1 4 |  4.8
Throwing       | |  2.0
Dodging        | |  4.0

Action                     |  1- 3 |  4- 6 |  7- 9 | 10-12 || total
---------------------------+-------+-------+-------+-------++-------
  Melee: Long sword        |    74 |    80 |   158 |       ||   312
         Punch             |       |     2 |       |       ||     2
         Halberd           |       |       |    69 |   190 ||   259
         Short sword       |       |       |       |     7 ||     7
  Throw: Throwing net      |       |     3 |     2 |       ||     5
         Javelin           |       |     2 |     6 |     3 ||    11
         Dart              |       |       |     3 |    12 ||    15
  Evoke: Wand              |       |       |       |     5 ||     5
    Use: Scroll            |       |       |     5 |     2 ||     7
         Potion            |       |       |     2 |     4 ||     6
   Stab: Sleeping          |     1 |     2 |    27 |    10 ||    40
         Distracted        |       |       |       |     3 ||     3
 Armour: Leather armour    |    29 |    38 |    41 |       ||   108
         Ring mail         |       |       |    32 |    62 ||    94
         Skin              |       |       |       |     5 ||     5
  Dodge: Dodged            |    47 |    31 |   101 |    44 ||   223

Table legend: (Time is in decaauts)
 A = Elapsed time spent in this place.
 B = Non-inter-level travel time spent in this place.
 C = Inter-level travel time spent in this place.
 D = Time resting spent in this place.
 E = Time spent auto-exploring this place.
 F = Levels seen in this place.
 G = Mean time per level.
                   A        B        C        D        E       F      G
               +--------+--------+--------+--------+--------+-----+--------+
         Total |   8931 |   8551 |    380 |    247 |   6300 |  13 |  687.0 |
       Dungeon |   8099 |   7760 |    339 |    247 |   5985 |   9 |  899.9 |
          Lair |    495 |    454 |     41 |      0 |    315 |   1 |  495.0 |
         Abyss |     69 |     69 |      0 |      0 |      0 |   2 |   34.5 |
        Bailey |    267 |    267 |      0 |      0 |      0 |   1 |  267.0 |
               +--------+--------+--------+--------+--------+-----+--------+

Top non-repeatable levels by time:
     D:6: 1414 daAuts
     D:5: 1377 daAuts
     D:8: 1029 daAuts
     D:3: 1009 daAuts
     D:7: 883 daAuts
     D:4: 872 daAuts
     D:1: 662 daAuts
     D:2: 605 daAuts
  Lair:1: 495 daAuts
  Bailey: 267 daAuts
     D:9: 245 daAuts
 Abyss:3: 48 daAuts
 Abyss:2: 20 daAuts
